 Dungeon Crawl Stone Soup version 0.24.0-29-g8ce449bc06 (webtiles) character file.

Game seed: 7540748185455161493, levelgen mode: deterministic

689156 choopm the Conqueror (level 27, -13/218 HPs)
             Began as a Minotaur Berserker on Nov 15, 2019.
             Was the Champion of Trog.
             Killed from afar by an orb of fire (43 damage)
             ... with a fireball
             ... on level 4 of the Realm of Zot on Nov 16, 2019.
             The game lasted 07:25:53 (77527 turns).

choopm the Conqueror (Minotaur Berserker)          Turns: 77527, Time: 07:26:23

Health: -13/218    AC: 40    Str: 44 (46) XL:     27
Magic:  0/24       EV: 31    Int:  2 (4)  God:    Trog [******]
Gold:   7669       SH:  3    Dex: 19      Spells: 26/26 levels left

rFire    . . .     SeeInvis +   W - +2 executioner's axe of Defence by Offence {freeze, rElec Str+4 Stlth-}
rCold    . . .     Gourm    .   (shield currently unavailable)
rNeg     + + .     Faith    .   f - +7 plate armour "Baceluh" {+Blink +Inv rElec rN++}
rPois    .         Spirit   +   (helmet restricted)
rElec    +         Reflect  +   s - scarf {Spirit}
rCorr    +         Harm     .   Q - +2 pair of gloves {Dex+3}
MR       ++++.                  a - +5 pair of boots "Hivvia" {rCorr Slay+2 Stlth+}
Stlth    ..........             U - +3 amulet of reflection
HPRegen  0.46/turn              n - ring of Winter {rElec Str+8 Stlth-}
MPRegen  0.19/turn              X - ring "Keliqof" {MR+ Dex+5 SInv}

@: no status effects
A: retaliatory headbutt, horns 2, deterioration 2, frail 2, low mp 1, magic
resistance 1, subdued magic 1
}: 4/15 runes: barnacled, silver, abyssal, gossamer
a: Berserk, Trog's Hand, Brothers in Arms, Renounce Religion, Evoke Blink, Evoke
Invisibility


You were on level 4 of the Realm of Zot.
You worshipped Trog.
Trog was exalted by your worship.
You were not hungry.

You visited 11 branches of the dungeon, and saw 52 of its levels.
You visited the Abyss 2 times.
You visited 1 bazaar.
You also visited: Ice Cave and Volcano.

You collected 8996 gold pieces.
You spent 1327 gold pieces at shops.

Inventory:

Hand Weapons
 e - the +6 broad axe of Boqeuj {drain, rPois}
   (Trog gifted it to you on level 3 of the Elven Halls)

   A truly terrible weapon, it drains the life of those it strikes.
   It protects you from poison.
 W - the +2 executioner's axe of Defence by Offence (weapon) {freeze, rElec Str+4 Stlth-}
   (Trog gifted it to you on level 4 of the Shoals)

   It has been specially enchanted to freeze those struck by it, causing extra
   injury to most foes and up to half again as much damage against particularly
   susceptible opponents.
   It can also slow down cold-blooded creatures.
   It affects your strength (+4).
   It insulates you from electricity.
   It makes you less stealthy.
Armour
 a - the +5 pair of boots "Hivvia" (worn) {rCorr Slay+2 Stlth+}
   (You found it on level 1 of the Crypt)

   It affects your accuracy and damage with ranged weapons and melee attacks
   (+2).
   It provides partial protection from all sources of acid and corrosion.
   It makes you more stealthy.
 f - the +7 plate armour "Baceluh" (worn) {+Blink +Inv rElec rN++}
   (You found it on level 3 of the Elven Halls)

   It insulates you from electricity.
   It greatly protects you from negative energy.
   It lets you turn invisible.
   It lets you blink.
 s - a scarf of spirit shield (worn)
 x - a +10 plate armour of poison resistance
 Q - a +2 pair of gloves of dexterity (worn)
Jewellery
 n - the ring of Winter (left hand) {rElec Str+8 Stlth-}
   (You bought it in a shop on level 3 of the Elven Halls)

   [ring of attention]

   It affects your strength (+8).
   It insulates you from electricity.
   It makes you less stealthy.
 L - a +2 ring of protection
 O - the ring "Feorim" {rPois rN+}
   (You took it off a vault warden on level 5 of the Vaults)

   [ring of positive energy]

   It protects you from poison.
   It protects you from negative energy.
 U - a +3 amulet of reflection (around neck)
 X - the ring "Keliqof" (right hand) {MR+ Dex+5 SInv}
   (You took it off a deep elf elementalist on level 3 of the Elven Halls)

   [ring of see invisible]

   It affects your dexterity (+5).
   It affects your resistance to hostile enchantments.
   It lets you see invisible.
Wands
 m - a wand of paralysis (19)
 y - a wand of enslavement (11)
 F - a wand of flame (120)
 G - a wand of disintegration (27)
 I - a wand of scattershot (23)
 J - a wand of clouds (12)
 K - a wand of iceblast (28)
 P - a wand of digging (4)
 T - a wand of polymorph (28)
 Z - a wand of acid (18)
Scrolls
 i - 10 scrolls of fog
 j - 8 scrolls of enchant weapon
 o - 15 scrolls of remove curse
 p - 16 scrolls of teleportation
 q - a scroll of brand weapon
 r - 5 scrolls of enchant armour
 t - 3 scrolls of blinking
 v - 3 scrolls of summoning
 B - 20 scrolls of identify
 E - 9 scrolls of fear
 R - a scroll of holy word
 S - 4 scrolls of magic mapping
Potions
 b - 2 potions of invisibility
 d - 7 potions of flight
 g - a potion of resistance
 h - 6 potions of brilliance
 k - 17 potions of curing
 u - 4 potions of agility
 w - 7 potions of might
 z - 2 potions of heal wounds
 A - 3 potions of cancellation
 C - 5 potions of ambrosia
 D - 3 potions of haste
 M - 2 potions of berserk rage
 N - 3 potions of magic
Comestibles
 c - 68 rations


   Skills:
 O Level 27 Fighting
 O Level 27 Axes
 O Level 27 Armour
 O Level 27 Dodging
 + Level 7.7 Stealth
   Level 4.5 Shields
 + Level 7.7 Evocations


You had 26 spell levels left.
You didn't know any spells.
Your spell library was empty.

Dungeon Overview and Level Annotations

Branches:
Dungeon (15/15)            Temple (0/1) D:5            Lair (6/6) D:9
 Shoals (4/4) Lair:4       Spider (4/4) Lair:2          Orc (2/2) D:9
    Elf (3/3) Orc:2        Vaults (5/5) D:13          Crypt (3/3) Vaults:2
   Tomb (1/3) Crypt:3      Depths (5/5) D:15            Zot (4/5) Depths:5
  IceCv (visited)         Volcano (visited)
  Slime: Lair:5-6

Altars:
Ashenzari
Cheibriados
Fedhas
Hepliaklqana
Kikubaaqudgha
Makhleb
Trog
Uskayaw
Vehumet
Yredelemnul
Beogh
Jiyva

Shops:
D:5 %   Orc:2 *=(   Elf:3 =   Shoals:2 %!:!   Vaults:3 :[:   Vaults:4 :*}(
Depths:4 *   Depths:5 }=}

Portals:
Hell: Depths:1 Depths:2 Depths:3 Depths:4 Depths:5
Abyss: Depths:3 Depths:4 Depths:5
Pandemonium: Depths:3
Ziggurat: Depths:2
Trove: Depths:2 (give +6 fire dragon scales)

Annotations:
Lair:5 exclusion: oklob plant
Lair:6 exclusion: oklob plant
Spider:1 Roxanne


Innate Abilities, Weirdness & Mutations

You reflexively headbutt those who attack you in melee.
You have a pair of horns on your head.
Your body often deteriorates upon taking damage.
You are very frail. (-20% HP)
Your magical capacity is low. (-10% MP)
You are resistant to hostile enchantments. (MR+)
Your spells are a little easier to cast, but a little less powerful.


Message History

All of the chunks of flesh in your inventory have rotted away.
An orb of fire comes into view.
The orb of fire emits a lurid red light.
The bolt of fire hits you!!!
Your body deteriorates!
You feel weakened.
The orb of fire glows yellow.
The fireball explodes!
The fireball engulfs you!!!
Your body deteriorates!
You feel dopey.
The orb of fire glows red.
The bolt of fire hits you!!
Your body deteriorates!
You feel dopey.
As you read the scroll of fog, it crumbles to dust.
The scroll dissolves into smoke.
The orb of fire glows bright magenta.
The fireball explodes!
The fireball engulfs you!!!
* * * LOW HITPOINT WARNING * * *
Your body deteriorates!
You feel weakened.
The orb of fire emits a lurid red light.
The fireball explodes!
The fireball engulfs you!!!
You die...

.........####...##
.........##....##
.............### .
...........### ..
........#### #...
........# ##...#
........# ###§§.*#
........###§§*§#
.........§§@§###
.........§§###
........####
#########


You could see an orb of fire.

Vanquished Creatures
  Khufu (Crypt:1)
  4 orbs of fire
  Mara (Spider:4)
  3 ancient liches
  2 juggernauts
  The ghost of Ezaw the Slayer, a veteran CeHu of Okawaru (Zot:2)
  2 greater mummies
  Boris (twice) (Depths:3 Depths:5)
  The ghost of Ulecsuczon the Impregnable, a veteran MiGl of Hepliaklqana (Crypt:1)
  3 curse toes
  A caustic shrike (Depths:4)
  The ghost of crisisinutopia the Impregnable, an adept MiFi of Okawaru (Vaults:4)
  7 golden dragons
  Jory (Depths:3)
  2 profane servitors (Crypt:3)
  2 electric golems
  A bone dragon (Depths:5)
  17 tentacled monstrosities
  7 titans
  A deep elf blademaster (Elf:3)
  6 liches
  A deep elf master archer (Elf:3)
  An acid blob (shapeshifter) (Depths:2)
  8 quicksilver dragons
  Gastronok (D:8)
  8 tentacled starspawn (Abyss:4)
  7 death cobs
  7 ancient champions (Crypt:3)
  11 sphinxes
  Kirke (Shoals:2)
  10 storm dragons
  10 tengu reavers
  9 shadow dragons
  2 revenants
  22 large abominations
  6 nagarajas (Depths:5)
  3 draconian monks
  Donald (Spider:3)
  The ghost of Eddaez Biosh the Severer, a journeyman HOFi of Okawaru (Shoals:2)
  6 deep elf sorcerers
  3 iron dragons
  8 ghost moths
  14 fire giants
  2 curse skulls
  14 vault wardens
  6 draconian scorchers
  6 emperor scorpions
  6 frost giants
  3 draconian shifters (Zot:4)
  2 orc warlords (Orc:2)
  5 draconian knights
  Aizul (Spider:1)
  A cacodemon (Abyss:1)
  3 draconian stormcallers
  4 draconian annihilators
  A reaper (Crypt:3)
  11 deep elf elementalists
  34 very ugly things
  3 ghouls (Crypt:2)
  11 ironheart preservers
  9 green draconians
  5 deep elf demonologists
  6 bennus (Tomb:1)
  15 stone giants
  14 black draconians
  3 entropy weavers
  10 vampire knights
  9 red draconians
  11 yellow draconians
  6 spark wasps
  3 purple draconians
  14 deep elf annihilators
  9 white draconians
  Snorg (Lair:4)
  2 merfolk javelineers (Shoals:4)
  5 deep elf death magi
  Josephine (D:10)
  2 crystal guardians (Abyss:4)
  4 eidola
  4 mummy priests
  6 great orbs of eyes
  A quicksilver dragon zombie (Crypt:3)
  15 ogre magi
  18 jiangshi
  6 merfolk impalers
  2 blizzard demons
  18 yaktaur captains
  8 fire dragons
  15 ettins
  The ghost of Curus the Cruncher, a journeyman MiGl of Makhleb (Lair:2)
  10 ice dragons
  2 spriggan air magi
  3 deep elf high priests
  7 rakshasas
  Harold (D:9)
  2 naga warriors (Depths:5)
  A hydra (D:14)
  5 anacondas (Depths:5)
  33 vault guards
  2 alligator snapping turtles
  A merfolk avatar (Shoals:4)
  A satyr (Shoals:2)
  11 centaur warriors
  A merfolk aquamancer (Shoals:3)
  45 two-headed ogres
  27 dancing weapons
  5 death knights
  6 deep troll shamans
  13 vampire magi
  6 death yaks (Lair:6)
  5 tengu warriors
  10 thrashing horrors
  3 orc high priests
  5 deep troll earth magi
  16 deep elf knights
  9 spriggan berserkers
  15 spriggans (Lair:6)
  Nergalle (Orc:2)
  5 soul eaters
  3 sun demons
  6 hell knights (Vaults:5)
  2 salamander mystics (Depths:4)
  4 shadow wraiths
  5 iron trolls
  2 sixfirhies
  37 skeletal warriors
  2 spatial maelstroms
  10 wretched stars
  A death drake (shapeshifter) (Vaults:5)
  2 glowing orange brains
  A death drake (Abyss:4)
  22 deep trolls
  12 unseen horrors
  12 sea snakes
  A shadow demon (Depths:3)
  4 flayed ghosts
  An obsidian statue (Depths:1)
  An unseen horror (shapeshifter) (Abyss:4)
  6 wizards
  14 deep elf archers
  A lindwurm (shapeshifter) (Vaults:2)
  19 harpies
  7 phantasmal warriors
  15 ironbrand convokers
  A tengu zombie (Vaults:3)
  2 lindwurms (Depths:5)
  27 orc knights
  2 wolf spider zombies (D:15)
  7 necromancers
  16 orb spiders
  2 stone giant zombies
  48 ugly things
  A frost giant zombie (Vaults:5)
  5 orc sorcerers
  59 deep elf magi
  38 wolf spiders
  18 manticores
  7 fauns
  A sphinx skeleton (Vaults:1)
  6 cyclopes
  A toenail golem (Abyss:1)
  6 salamanders (Depths:4)
  A centaur zombie (D:13)
  A fire giant zombie (Crypt:3)
  22 moths of wrath
  A worldbinder (Abyss:1)
  2 naga magi
  6 merfolk sirens
  7 black mambas
  A frost giant skeleton (Vaults:5)
  3 guardian serpents (Depths:5)
  A molten gargoyle (Volcano)
  18 vault sentinels
  An iron dragon skeleton (Abyss:4)
  8 water nymphs
  6 gargoyles
  3 orange demons
  A rust devil (Depths:1)
  A dire elephant skeleton (Tomb:1)
  A storm dragon simulacrum (Vaults:5)
  14 spiny frogs
  Joseph (D:7)
  8 smoke demons
  2 torpor snails
  A yaktaur zombie (Vaults:5)
  A rime drake (Lair:2)
  6 komodo dragons
  72 yaktaurs
  9 freezing wraiths
  A green draconian zombie (Crypt:2)
  A catoblepas zombie (Tomb:1)
  9 kobold demonologists
  3 efreet
  5 ancient zymes
  6 demonic crawlers
  A hellwing (Abyss:1)
  4 ice devils
  6 tengu conjurers
  10 guardian mummies
  A pale draconian zombie (Crypt:3)
  A red draconian skeleton (Crypt:3)
  A silent spectre (Abyss:4)
  A red devil (Depths:1)
  A grey draconian skeleton (Crypt:2)
  A minotaur skeleton (Crypt:3)
  A queen bee (shapeshifter) (Abyss:4)
  A meliai (shapeshifter) (Depths:2)
  A troll (shapeshifter) (D:15)
  12 trolls
  2 queen ant zombies (Crypt:1)
  36 jumping spiders
  An iron troll skeleton (Crypt:2)
  3 meliai (D:15)
  5 harpy zombies
  23 merfolk
  11 polar bears
  A wolf spider simulacrum (D:14)
  A bog body (Crypt:2)
  A merfolk (shapeshifter) (Vaults:5)
  A sea snake skeleton (Crypt:1)
  46 slime creatures
  A sphinx simulacrum (Vaults:3)
  A polar bear (shapeshifter) (Vaults:5)
  A raiju (Abyss:1)
  2 hornets (shapeshifter)
  16 hornets
  8 snapping turtles
  28 blink frogs
  A snapping turtle (shapeshifter) (Depths:2)
  12 hippogriffs
  7 dream sheep
  Sigmund (D:3)
  2 frost giant simulacra (Vaults:1)
  A meliai zombie (Crypt:3)
  2 flying skulls (Abyss:1)
  2 elf skeletons
  2 vampires
  An air elemental (Abyss:4)
  2 wyverns
  An ettin zombie (Vaults:5)
  6 shadows
  2 spriggans (shapeshifter) (Vaults:4)
  12 water elementals
  An ettin skeleton (Abyss:4)
  A yak (shapeshifter) (Depths:2)
  56 redbacks
  A fire elemental (Elf:3)
  6 hogs (Shoals:2)
  31 tarantellas
  15 wraiths
  4 ynoxinuls
  2 hogs (shapeshifter)
  2 hungry ghosts
  A basilisk (Lair:1)
  A basilisk (shapeshifter) (D:15)
  A wyvern (shapeshifter) (Depths:4)
  24 yaks
  6 ushabtiu
  Grum (D:9)
  10 chaos spawn
  3 human simulacra (Vaults:3)
  2 steam dragons
  26 small abominations
  2 spatial vortices (Abyss:1)
  3 neqoxecs (Abyss:4)
  3 vampire mosquitoes
  An infernal demonspawn zombie (Crypt:1)
  17 wargs
  2 swamp worms (Lair:2)
  A naga (shapeshifter) (Abyss:4)
  An acid dragon (shapeshifter) (Vaults:2)
  13 nagas (Depths:5)
  2 soldier ants (shapeshifter)
  A soldier ant (D:14)
  2 acid dragons
  A water nymph skeleton (Crypt:1)
  9 water moccasins
  2 hornet zombies
  A porcupine (shapeshifter) (Depths:2)
  A floating eye (Depths:2)
  A hell hound (Abyss:1)
  9 porcupines
  2 eyes of draining
  A human zombie (Vaults:1)
  5 ice beasts
  2 eyes of draining (shapeshifter)
  81 orc warriors
  6 sky beasts
  5 black bears
  2 phantoms
  A manticore zombie (Crypt:3)
  34 starcursed masses
  48 ogres
  A necrophage (D:6)
  32 wolves
  6 boggarts
  A tengu (shapeshifter) (Depths:3)
  An elephant skeleton (Crypt:1)
  A crocodile (shapeshifter) (Elf:1)
  A dream sheep skeleton (Crypt:1)
  19 centaurs
  A manticore skeleton (Crypt:3)
  11 crocodiles
  5 big kobolds
  A hippogriff zombie (Shoals:3)
  An earth elemental (Elf:2)
  23 bullfrogs
  A glowing shapeshifter simulacrum (Vaults:3)
  A hippogriff skeleton (Crypt:2)
  A deep troll simulacrum (Vaults:5)
  A wyvern zombie (D:12)
  7 scorpions
  2 wyvern skeletons
  A water moccasin skeleton (D:7)
  A yak zombie (Crypt:2)
  10 killer bees
  21 wights
  7 electric eels
  17 crimson imps
  A bullfrog zombie (D:8)
  7 quasits
  A gnoll shaman (D:10)
  27 orc priests
  A bullfrog skeleton (D:12)
  8 hounds
  10 jellies
  2 centaur skeletons
  4 iron imps
  Jessica (D:2)
  Terence (D:3)
  2 iguanas
  32 orc wizards
  9 worker ants
  Natasha (thrice) (D:2)
  A big kobold zombie (Crypt:3)
  2 hound zombies (D:7)
  A tengu skeleton (Crypt:3)
  15 mummies
  A worker ant zombie (D:6)
  7 gnolls
  15 adders
  6 shadow imps
  7 white imps
  4 ufetubi
  An ooze (D:5)
  An adder skeleton (D:6)
  An adder zombie (D:7)
  An iguana zombie (Crypt:2)
  3 worms
  A barachi skeleton (Crypt:1)
  2 dart slugs (D:1)
  2 leopard geckos (D:3)
  122 orcs
  3 ball pythons (Depths:5)
  6 giant cockroaches
  9 goblins
  7 hobgoblins
  16 jackals
  3 quokkas
  9 bats
  6 frilled lizards
  A gnoll skeleton (Crypt:2)
  18 kobolds
  A quokka skeleton (Crypt:2)
  4 rats
  7 fungi
  2 lurking horrors (Abyss:4)
  3 plants
  10 withered plants (Crypt:3)
2771 creatures vanquished.

Vanquished Creatures (collateral kills)
  Arachne (Spider:3)
  A lich (Abyss:4)
  3 very ugly things (Abyss:4)
  A vampire knight (Depths:3)
  An entropy weaver (Spider:2)
  A green draconian (Zot:3)
  A deep elf demonologist (Elf:3)
  A hydra (shapeshifter) (Abyss:4)
  6 hydras
  A centaur warrior (D:14)
  A rakshasa (Abyss:4)
  A dancing weapon (Elf:3)
  A spriggan berserker (Depths:3)
  A death drake (shapeshifter) (Vaults:5)
  A deep troll (Depths:2)
  A flayed ghost (Depths:3)
  2 orc knights (Orc:2)
  An ugly thing (D:13)
  A worldbinder (Abyss:4)
  A black mamba (Lair:5)
  A merfolk siren (Shoals:1)
  4 yaktaurs
  2 freezing wraiths (D:13)
  A tengu conjurer (Depths:3)
  A merfolk (Shoals:4)
  An ancient zyme (Abyss:4)
  A meliai (shapeshifter) (Abyss:4)
  2 snapping turtles (Shoals:1)
  A tarantella (shapeshifter) (D:14)
  A ynoxinul (Abyss:4)
  8 yaks
  A basilisk (Lair:6)
  A large abomination (Abyss:4)
  A floating eye (shapeshifter) (Vaults:5)
  2 orc warriors (Orc:2)
  An ogre (D:14)
  A bullfrog (Lair:2)
  A scorpion (D:11)
  A quasit (D:14)
  2 orc priests (Orc:2)
  2 orc wizards (Orc:2)
  3 iguanas
  An ufetubus (Abyss:4)
68 creatures vanquished.

Vanquished Creatures (others)
  3 sphinxes (Tomb:1)
  A yak (IceCv)
  A small abomination (Abyss:4)
  A naga (shapeshifter) (Depths:1)
  2 orc warriors
  An ogre (Vaults:2)
  3 centaurs
  A crimson imp (Depths:1)
  An orc wizard (D:14)
  A mummy (Tomb:1)
  An orc (Elf:3)
  3 kobolds (D:14)
  14 fungi
  A lurking horror (Abyss:4)
  13 plants
  20 starspawn tentacles (Abyss:4)
67 creatures vanquished.

Grand Total: 2906 creatures vanquished

Notes
Turn   | Place    | Note
-------+----------+-------------------------------------------
     0 | D:1      | choopm the Minotaur Berserker began the quest for the Orb.
     0 | D:1      | Reached XP level 1. HP: 19/19 MP: 0/0
   141 | D:1      | Reached XP level 2. HP: 15/26 MP: 1/1
   476 | D:1      | Reached skill level 5 in Axes
   687 | D:1      | Reached XP level 3. HP: 18/31 MP: 2/2
   688 | D:1      | Reached ** piety under Trog
   839 | D:2      | Found a faded altar of an unknown god.
  1303 | D:2      | Noticed Jessica
  1307 | D:2      | Noticed Natasha
  1316 | D:2      | Killed Jessica
  1322 | D:2      | Killed Natasha
  1322 | D:2      | Reached XP level 4. HP: 33/39 MP: 3/3
  1395 | D:2      | Noticed Natasha
  1402 | D:2      | Killed Natasha
  1536 | D:2      | Noticed Natasha
  1542 | D:2      | Killed Natasha
  1542 | D:2      | Reached XP level 5. HP: 45/45 MP: 4/4
  1879 | D:3      | Noticed Sigmund
  1899 | D:3      | Killed Sigmund
  1899 | D:3      | Reached XP level 6. HP: 15/51 MP: 5/5
  2169 | D:3      | Reached *** piety under Trog
  2217 | D:3      | Noticed Terence
  2237 | D:3      | Killed Terence
  2489 | D:4      | Reached XP level 7. HP: 38/57 MP: 6/6
  3287 | D:5      | Entered Level 5 of the Dungeon
  3359 | D:5      | Found Nocunol's Food Boutique.
  3473 | D:5      | Reached skill level 10 in Axes
  3522 | D:5      | Reached skill level 5 in Fighting
  3522 | D:5      | Reached XP level 8. HP: 53/68 MP: 7/7
  3566 | D:5      | Found a shattered altar of Ashenzari.
  3649 | D:5      | Found a staircase to the Ecumenical Temple.
  4019 | D:6      | Reached **** piety under Trog
  4046 | D:6      | Reached skill level 5 in Armour
  4057 | D:6      | Reached skill level 5 in Dodging
  4357 | D:6      | Reached XP level 9. HP: 47/78 MP: 8/8
  4714 | D:6      | Found a hazy altar of Hepliaklqana.
  4715 | D:6      | Found a blossoming altar of Fedhas.
  4716 | D:6      | Found an ancient bone altar of Kikubaaqudgha.
  5366 | D:7      | Found a snail-covered altar of Cheibriados.
  5474 | D:7      | Found a radiant altar of Vehumet.
  5497 | D:7      | Noticed Joseph
  5510 | D:7      | Reached ***** piety under Trog
  5517 | D:7      | Killed Joseph
  5673 | D:7      | Found a burning altar of Makhleb.
  5677 | D:7      | Reached XP level 10. HP: 90/90 MP: 9/9
  5708 | D:8      | Noticed Gastronok
  5776 | D:8      | Killed Gastronok
  6629 | D:9      | Noticed Harold
  6630 | D:9      | Noticed Grum
  6637 | D:9      | Killed Harold
  6637 | D:9      | Reached skill level 10 in Fighting
  6658 | D:9      | Killed Grum
  6858 | D:9      | Reached skill level 10 in Armour
  6919 | D:9      | Reached XP level 11. HP: 101/101 MP: 10/10
  6982 | D:9      | Received a gift from Trog
  7054 | D:9      | Found a hide-covered altar of Uskayaw.
  7399 | D:9      | Found a staircase to the Orcish Mines.
  7587 | D:9      | Noticed a two-headed ogre
  7596 | D:9      | Killed a two-headed ogre
  7858 | D:9      | Found a staircase to the Lair.
  7920 | D:9      | Reached skill level 10 in Dodging
  8019 | D:10     | Entered Level 10 of the Dungeon
  8102 | D:10     | Gained mutation: You are clumsy. (Dex -2) [mutagenic glow]
  8394 | D:10     | Noticed an unseen horror
  8403 | D:10     | Killed an unseen horror
  8643 | D:10     | Noticed Josephine
  8990 | D:11     | Noticed an unseen horror
  9016 | D:11     | Killed an unseen horror
  9043 | D:11     | Noticed a five-headed hydra
  9051 | D:11     | Killed a six-headed hydra
  9080 | D:11     | Found a frozen archway.
  9101 | IceCv    | Entered an ice cave
 10039 | D:11     | Received a gift from Trog
 10050 | D:11     | Cast into level 2 of the Abyss (a distortion unwield)
 10085 | D:11     | Escaped the Abyss
 10088 | D:11     | Noticed a two-headed ogre
 10096 | D:11     | Killed a two-headed ogre
 10096 | D:11     | Reached XP level 12. HP: 85/112 MP: 11/11
 10290 | D:12     | Found a bloodstained altar of Trog.
 10628 | D:10     | Killed Josephine
 11690 | D:12     | Noticed a two-headed ogre
 11691 | D:12     | Noticed a two-headed ogre
 11705 | D:12     | Killed a two-headed ogre
 11709 | D:12     | Killed a two-headed ogre
 12087 | D:13     | Noticed a vault guard
 12430 | Lair:1   | Entered Level 1 of the Lair of Beasts
 12662 | Lair:1   | Received a gift from Trog
 13273 | Lair:2   | Noticed a five-headed hydra
 13277 | Lair:2   | Killed a five-headed hydra
 13344 | Lair:2   | Found a hole to the Spider Nest.
 13432 | Lair:2   | Reached XP level 13. HP: 120/122 MP: 12/12
 13660 | Lair:2   | Found a runed translucent gate.
 13660 | Lair:2   | Found a runed translucent gate.
 13660 | Lair:2   | Found a runed translucent gate.
 13662 | Lair:2   | Found a viscous altar of Jiyva.
 13662 | Lair:2   | Noticed Curus's ghost (journeyman MiGl)
 15223 | Lair:4   | Noticed Snorg
 15234 | Lair:4   | Killed Snorg
 15904 | Lair:4   | Found a staircase to the Shoals.
 17132 | Lair:6   | Entered Level 6 of the Lair of Beasts
 17437 | Lair:6   | Found a dark tunnel.
 17446 | Volcano  | Entered a volcano
 17686 | Lair:6   | Reached skill level 1 in Shields
 17762 | Lair:6   | Reached XP level 14. HP: 97/132 MP: 13/13
 17786 | Lair:6   | Reached skill level 15 in Axes
 18069 | Lair:6   | Received a gift from Trog
 18070 | Lair:6   | Got a brightly glowing dagger {god gift}
 19017 | Orc:1    | Entered Level 1 of the Orcish Mines
 19747 | Orc:2    | Entered Level 2 of the Orcish Mines
 19930 | Orc:2    | Received a gift from Trog
 19946 | Orc:2    | Noticed a stone giant
 19971 | Orc:2    | Reached skill level 15 in Fighting
 19981 | Orc:2    | Killed a stone giant
 20112 | Orc:2    | Noticed an orc warlord
 20132 | Orc:2    | Killed an orc warlord
 20466 | Orc:2    | Found a roughly hewn altar of Beogh.
 20467 | Orc:2    | Noticed Nergalle
 20499 | Orc:2    | Killed Nergalle
 20503 | Orc:2    | Reached skill level 15 in Armour
 20550 | Orc:2    | Found Uwenisub's Antique Weapon Boutique.
 20707 | Orc:2    | Noticed an orc warlord
 20732 | Orc:2    | Killed an orc warlord
 20801 | Orc:2    | Found Iquwnom's Antique Armour Boutique.
 20918 | Orc:2    | Found Lyoroton's Jewellery Boutique.
 20932 | Orc:2    | Found Xuzeem's General Store.
 21035 | Orc:2    | Found a staircase to the Elven Halls.
 21210 | Elf:1    | Entered Level 1 of the Elven Halls
 21227 | Elf:1    | Received a gift from Trog
 21749 | D:13     | Reached XP level 15. HP: 133/141 MP: 14/14
 22092 | D:13     | Found a gate to the Vaults.
 22994 | D:14     | Gained mutation: Your body sometimes deteriorates upon
                  | taking damage. [a neqoxec]
 23361 | D:14     | Received a gift from Trog
 23865 | D:14     | Reached skill level 15 in Dodging
 24203 | D:15     | Entered Level 15 of the Dungeon
 25331 | D:15     | Reached XP level 16. HP: 152/152 MP: 15/15
 25804 | D:15     | Found a staircase to the Depths.
 25815 | D:15     | Received a gift from Trog
 26173 | Lair:2   | Killed Curus's ghost
 26236 | Spider:1 | Entered Level 1 of the Spider Nest
 26345 | Spider:1 | Noticed Aizul
 26361 | Spider:1 | Killed Aizul
 26842 | Spider:1 | Noticed Roxanne
 27318 | Spider:1 | Reached ****** piety under Trog
 27622 | Spider:2 | Received a gift from Trog
 30069 | Spider:3 | Noticed Arachne
 30084 | Spider:3 | Killed Arachne
 30342 | Spider:3 | Noticed Donald
 30351 | Spider:3 | Killed Donald
 30698 | Spider:3 | Received a gift from Trog
 30714 | Spider:3 | Reached XP level 17. HP: 162/162 MP: 16/16
 31045 | Spider:4 | Entered Level 4 of the Spider Nest
 31411 | Spider:4 | Received a gift from Trog
 31663 | Spider:4 | Noticed Mara
 31674 | Spider:4 | Noticed choopm's illusion
 32034 | Spider:4 | Noticed choopm's illusion
 32441 | Spider:4 | Noticed choopm's illusion
 32455 | Spider:4 | Killed Mara
 34176 | Spider:4 | Got a gossamer rune of Zot
 34371 | Shoals:1 | Entered Level 1 of the Shoals
 35281 | Shoals:2 | Found Matoipto's Book Boutique.
 35525 | Shoals:2 | Found Devaru's Food Shoppe.
 35812 | Shoals:2 | Found a runed translucent gate.
 35812 | Shoals:2 | Found a runed translucent gate.
 35812 | Shoals:2 | Found a runed translucent gate.
 35812 | Shoals:2 | Noticed Eddaez Biosh's ghost (journeyman HOFi)
 35828 | Shoals:2 | Noticed Kirke
 35856 | Shoals:2 | Killed Kirke
 35933 | Shoals:2 | Killed Eddaez Biosh's ghost
 36151 | Shoals:2 | Found Voed Wuh's Distillery.
 36166 | Shoals:2 | Found Mepret's Distillery.
 36175 | Shoals:2 | Bought a potion of heal wounds for 70 gold pieces
 36175 | Shoals:2 | Bought 2 potions of curing for 84 gold pieces
 36175 | Shoals:2 | Bought a potion of heal wounds for 70 gold pieces
 36275 | Shoals:2 | Reached XP level 18. HP: 146/173 MP: 17/17
 36833 | Shoals:4 | Entered Level 4 of the Shoals
 36917 | Shoals:4 | Received a gift from Trog
 36920 | Shoals:4 | Got a shimmering executioner's axe {god gift}
 36921 | Shoals:4 | Identified the +2 executioner's axe of Defence by Offence
                  | {freeze, rElec Str+4 Stlth-} (Trog gifted it to you on
                  | level 4 of the Shoals)
 38915 | Shoals:4 | Got a barnacled rune of Zot
 40662 | Elf:2    | Received a gift from Trog
 41025 | Elf:2    | Found a huge runed translucent gate.
 41025 | Elf:2    | Found a huge runed translucent gate.
 41025 | Elf:2    | Found a huge runed translucent gate.
 41025 | Elf:2    | Found a huge runed translucent gate.
 41027 | Elf:2    | Found a huge runed translucent gate.
 41680 | Elf:2    | Reached XP level 19. HP: 177/183 MP: 18/18
 41725 | Elf:2    | Received a gift from Trog
 41981 | Elf:3    | Entered Level 3 of the Elven Halls
 42327 | Elf:3    | Found Uwoczyaco's Jewellery Emporium.
 42335 | Elf:3    | Bought the ring of Winter {rElec Str+8 Stlth-} for 689 gold
                  | pieces
 42451 | Elf:3    | Received a gift from Trog
 43187 | Elf:3    | Got a faintly glowing broad axe {god gift}
 43188 | Elf:3    | Identified the +6 broad axe of Boqeuj {drain, rPois} (Trog
                  | gifted it to you on level 3 of the Elven Halls)
 43372 | Elf:3    | Identified the cursed +1 robe "Aqy Wann" {*Corrode rPois
                  | Int+4}
 43738 | Elf:3    | Found a radiant altar of Vehumet.
 44719 | Elf:3    | Identified the +9 flail of Winter {crush, rF+ Str+3}
 44719 | Elf:3    | Identified the ring "Keliqof" {MR+ Dex+5 SInv}
 44846 | Elf:3    | Noticed a Brimstone Fiend
 44892 | Elf:3    | Got a heavily runed plate armour
 44913 | Elf:3    | Identified the +7 plate armour "Baceluh" {+Blink +Inv rElec
                  | rN++} (You found it on level 3 of the Elven Halls)
 44987 | Elf:3    | Lost mutation: Your body sometimes deteriorates upon taking
                  | damage. [potion of mutation]
 44987 | Elf:3    | Lost mutation: You are clumsy. (Dex -2) [potion of
                  | mutation]
 44987 | Elf:3    | Gained mutation: You tend to lose your temper in combat.
                  | [potion of mutation]
 44987 | Elf:3    | Gained mutation: You are dopey. (Int -2) [potion of
                  | mutation]
 44987 | Elf:3    | Gained mutation: You are resistant to hostile enchantments.
                  | (MR+) [potion of mutation]
 44988 | Elf:3    | Lost mutation: You are resistant to hostile enchantments.
                  | (MR+) [potion of mutation]
 44988 | Elf:3    | Lost mutation: You are dopey. (Int -2) [potion of mutation]
 44988 | Elf:3    | Gained mutation: You passively map a small area around you.
                  | [potion of mutation]
 44988 | Elf:3    | Gained mutation: You do not regenerate when monsters are
                  | visible. [potion of mutation]
 44988 | Elf:3    | Lost mutation: You tend to lose your temper in combat.
                  | [potion of mutation]
 45027 | Elf:3    | Found the +3 hat of Pondering {ponderous, MR+ MP+10 Int+5}
 45036 | Elf:3    | Received a gift from Trog
 45452 | Vaults:1 | Entered Level 1 of the Vaults
 45592 | Vaults:1 | Found a flickering gateway to a bazaar.
 45602 | Bazaar   | Entered a bazaar
 45602 | Bazaar   | Found Tumiviaf's Armour Boutique.
 45602 | Bazaar   | Found Zadur's Magic Scroll Shoppe.
 45602 | Bazaar   | Found Qouzofil's Antique Armour Shop.
 45602 | Bazaar   | Found Kiseinnu's Gadget Shoppe.
 45604 | Bazaar   | Found Kyecw's Antique Armour Shop.
 45604 | Bazaar   | Found Olidwi's Weapon Emporium.
 45609 | Bazaar   | Bought an embroidered scarf for 128 gold pieces
 45628 | Bazaar   | Bought a scroll of enchant armour for 67 gold pieces
 46110 | Vaults:1 | Reached XP level 20. HP: 134/193 MP: 14/19
 46301 | Vaults:1 | Paralysed by a sphinx for 6 turns
 46310 | Vaults:1 | Received a gift from Trog
 47357 | Vaults:3 | Received a gift from Trog
 48921 | Vaults:2 | Received a gift from Trog
 49014 | Vaults:2 | Found a staircase to the Crypt.
 49014 | Vaults:2 | Found a basalt altar of Yredelemnul.
 49015 | Vaults:2 | Found an ancient bone altar of Kikubaaqudgha.
 49649 | Vaults:3 | Found Gurezasu's Armour Shoppe.
 49763 | Vaults:3 | Found Haikhot's Book Shoppe.
 49779 | Vaults:3 | Found Ahubyom's Book Shoppe.
 50293 | Vaults:3 | Received a gift from Trog
 50296 | Vaults:3 | Got an ichor-stained battleaxe {god gift}
 50301 | Vaults:3 | Identified the +3 battleaxe of Darkness {speed, rPois
                  | Stlth+} (Trog gifted it to you on level 3 of the Vaults)
 50438 | Vaults:3 | Reached XP level 21. HP: 123/203 MP: 13/20
 51463 | Vaults:4 | Received a gift from Trog
 52345 | Vaults:4 | Found a large runed translucent door.
 52345 | Vaults:4 | Found a large runed translucent door.
 52346 | Vaults:4 | Noticed crisisinutopia's ghost (adept MiFi)
 52363 | Vaults:4 | Killed crisisinutopia's ghost
 52550 | Vaults:4 | Found Kifiar's Antique Weapon Emporium.
 52667 | Vaults:4 | Received a gift from Trog
 52682 | Vaults:4 | Found Nanlif's Book Boutique.
 52682 | Vaults:4 | Found Puhoh's Gadget Emporium.
 52682 | Vaults:4 | Found Epasetsa's Assorted Antiques.
 52983 | Vaults:4 | Received a gift from Trog
 53018 | Vaults:5 | Entered Level 5 of the Vaults
 53790 | Vaults:5 | Noticed an ancient lich
 53798 | Vaults:5 | Killed an ancient lich
 53798 | Vaults:5 | Reached XP level 22. HP: 196/213 MP: 19/21
 53883 | Vaults:5 | Received a gift from Trog
 54687 | Vaults:5 | Noticed a golden dragon
 54697 | Vaults:5 | Killed a golden dragon
 55304 | Vaults:5 | Identified the ring "Feorim" {rPois rN+}
 55341 | Vaults:5 | Received a gift from Trog
 55367 | Vaults:5 | Noticed a golden dragon
 55367 | Vaults:5 | Noticed a golden dragon
 55369 | Vaults:5 | Killed a golden dragon
 55379 | Vaults:5 | Killed a golden dragon
 55757 | Vaults:5 | Lost mutation: You passively map a small area around you.
                  | [potion of mutation]
 55757 | Vaults:5 | Lost mutation: You do not regenerate when monsters are
                  | visible. [potion of mutation]
 55757 | Vaults:5 | Gained mutation: Your body sometimes deteriorates upon
                  | taking damage. [potion of mutation]
 55757 | Vaults:5 | Gained mutation: Your magical capacity is low. (-10% MP)
                  | [potion of mutation]
 55757 | Vaults:5 | Gained mutation: You are resistant to hostile enchantments.
                  | (MR+) [potion of mutation]
 56252 | Vaults:5 | Got a silver rune of Zot
 56389 | Vaults:5 | Received a gift from Trog
 57102 | Crypt:1  | Entered Level 1 of the Crypt
 57134 | Crypt:1  | Reached XP level 23. HP: 223/223 MP: 17/19
 57206 | Crypt:1  | Noticed Khufu
 57206 | Crypt:1  | Noticed a greater mummy
 57216 | Crypt:1  | Killed a greater mummy
 57220 | Crypt:1  | Killed Khufu
 57628 | Crypt:1  | Found a runed translucent gate.
 57628 | Crypt:1  | Found a runed translucent gate.
 57628 | Crypt:1  | Found a runed translucent gate.
 57632 | Crypt:1  | Noticed Ulecsuczon's ghost (veteran MiGl)
 57667 | Crypt:1  | Received a gift from Trog
 57674 | Crypt:1  | Killed Ulecsuczon's ghost
 57676 | Crypt:1  | Got a twisted battleaxe {god gift}
 57680 | Crypt:1  | Identified the +1 battleaxe "Atsuif" {chop, +Blink Dex+2}
                  | (Trog gifted it to you on level 1 of the Crypt)
 57687 | Crypt:1  | Got a pair of distressingly furry boots
 57688 | Crypt:1  | Identified the +5 pair of boots "Hivvia" {rCorr Slay+2
                  | Stlth+} (You found it on level 1 of the Crypt)
 59145 | Crypt:3  | Entered Level 3 of the Crypt
 59243 | Crypt:3  | Found a staircase to the Tomb.
 59408 | Crypt:3  | Received a gift from Trog
 60538 | Crypt:3  | Found a basalt altar of Yredelemnul.
 60541 | Crypt:3  | Found an ancient bone altar of Kikubaaqudgha.
 60678 | Crypt:3  | Found the +9 staff of Wucad Mu {channel}
 60719 | Crypt:3  | Got a polished morningstar
 60720 | Crypt:3  | Identified the +9 morningstar "Izuyp" {antimagic, +Fly
                  | rElec Int-5 Stlth+} (You found it on level 3 of the Crypt)
 60989 | Tomb:1   | Entered Level 1 of the Tomb of the Ancients
 61132 | Tomb:1   | Received a gift from Trog
 61132 | Tomb:1   | Reached XP level 24. HP: 186/236 MP: 16/19
 61674 | Tomb:1   | Noticed a greater mummy
 61713 | Tomb:1   | Killed a greater mummy
 62946 | Depths:1 | Entered Level 1 of the Depths
 63044 | Depths:1 | Received a gift from Trog
 63970 | Depths:1 | Found a gateway to Hell.
 64063 | Depths:1 | Received a gift from Trog
 64302 | Depths:1 | Found the +12 Vampire's Tooth {vamp}
 64826 | Depths:2 | Found a portal to a secret trove of treasure.
 64898 | Depths:2 | Found a gateway to a ziggurat.
 64944 | Depths:2 | Found the +8 Wrath of Trog {antimagic, *Rage}
 64945 | Depths:2 | Received a gift from Trog
 65800 | Depths:3 | Noticed Jory
 65807 | Depths:3 | Killed Jory
 65873 | Depths:3 | Found a one-way gate to the infinite horrors of the Abyss.
 65979 | Depths:3 | Noticed a juggernaut
 66023 | Depths:3 | Found a one-way gate leading to the halls of Pandemonium.
 66051 | Depths:3 | Noticed Boris
 66069 | Depths:3 | Killed Boris
 66069 | Depths:3 | Reached XP level 25. HP: 188/246 MP: 16/19
 66319 | Depths:3 | Killed a juggernaut
 66453 | Depths:3 | Received a gift from Trog
 66645 | Depths:3 | Found the +8 trident of the Octopus King {venom, rElec
                  | rPois MR+}
 66761 | Depths:4 | Found Fath's Blood Bar.
 66914 | Depths:4 | Received a gift from Trog
 67947 | Depths:5 | Entered Level 5 of the Depths
 67950 | Depths:5 | Noticed Boris
 67978 | Depths:5 | Killed Boris
 68138 | Depths:5 | Found Xoulopnu's Gadget Shop.
 68138 | Depths:5 | Found Zeskam Qeosh's Jewellery Shoppe.
 68139 | Depths:5 | Found Pattummyi's Gadget Shop.
 68152 | Depths:5 | Bought a +3 amulet of reflection for 219 gold pieces
 68278 | Depths:5 | Received a gift from Trog
 68444 | Depths:5 | Noticed a juggernaut
 68458 | Depths:5 | Killed a juggernaut
 68848 | Depths:5 | Reached XP level 26. HP: 216/259 MP: 19/19
 68962 | Depths:5 | Received a gift from Trog
 69761 | Depths:5 | Found a gate to the Realm of Zot.
 70143 | Depths:5 | Voluntarily entered the Abyss.
 70702 | Abyss:1  | Received a gift from Trog
 70740 | Abyss:1  | Paralysed by accursed screaming for 1 turns
 70873 | Abyss:1  | Lost intelligence.
 71163 | Abyss:4  | Lost intelligence.
 71169 | Abyss:4  | Paralysed by accursed screaming for 1 turns
 71297 | Abyss:4  | Received a gift from Trog
 71438 | Abyss:4  | Got an abyssal rune of Zot
 71457 | Abyss:4  | Noticed an ancient lich
 71473 | Abyss:4  | Killed an ancient lich
 71520 | Abyss:4  | Noticed an ancient lich
 71528 | Abyss:4  | Killed an ancient lich
 71696 | Abyss:4  | Noticed an ancient lich
 71780 | Abyss:4  | Received a gift from Trog
 71853 | Abyss:4  | Reached skill level 27 in Fighting
 71886 | Abyss:4  | Paralysed by accursed screaming for 1 turns
 71953 | Depths:5 | Escaped the Abyss
 72144 | Zot:1    | Entered Level 1 of the Realm of Zot
 72514 | Zot:1    | Reached skill level 27 in Armour
 72518 | Zot:1    | Reached XP level 27. HP: 251/273 MP: 17/19
 73022 | Zot:1    | Received a gift from Trog
 73210 | Zot:1    | Found the +3 crown of Dyrovepreva {rElec Int+2 SInv}
 73750 | Zot:1    | You fall into a shaft and drop 1 floor!
 73969 | Zot:2    | Noticed an orb of fire
 73972 | Zot:2    | Reached skill level 27 in Axes
 73978 | Zot:2    | Gained mutation: Your spells are a little easier to cast,
                  | but a little less powerful. [an orb of fire]
 73981 | Zot:2    | Killed an orb of fire
 74776 | Zot:2    | Found a runed translucent gate.
 74776 | Zot:2    | Found a runed translucent gate.
 74776 | Zot:2    | Found a runed translucent gate.
 74780 | Zot:2    | Noticed Ezaw's ghost (veteran CeHu)
 74792 | Zot:2    | Killed Ezaw's ghost
 75216 | Zot:3    | Noticed an orb of fire
 75223 | Zot:3    | Gained mutation: You are frail. (-10% HP) [an orb of fire]
 75227 | Zot:3    | Gained mutation: You are very frail. (-20% HP) [an orb of
                  | fire]
 75230 | Zot:3    | Killed an orb of fire
 75230 | Zot:3    | Reached skill level 27 in Dodging
 75231 | Zot:3    | Reached skill level 1 in Stealth
 75231 | Zot:3    | Reached skill level 1 in Evocations
 75232 | Zot:3    | Noticed an orb of fire
 75232 | Zot:3    | Noticed an orb of fire
 75243 | Zot:3    | Killed an orb of fire
 75248 | Zot:3    | Gained mutation: Your body often deteriorates upon taking
                  | damage. [an orb of fire]
 75249 | Zot:3    | Killed an orb of fire
 76540 | Zot:3    | Received a gift from Trog
 76566 | Zot:3    | Reached skill level 5 in Stealth
 76566 | Zot:3    | Reached skill level 5 in Evocations
 77403 | Zot:4    | Received a gift from Trog
 77522 | Zot:4    | Noticed an orb of fire
 77527 | Zot:4    | Killed from afar by an orb of fire

Levels and vault maps discovered:
D:1:      dpeg_arrival_chambers_temple_mockup, layout_basic, st_stairs_8
D:2:      layout_basic, serial_corexii_hall, corexii_hall_statues_deadend,
          corexii_hall_statues_s, corexii_hall_statues_s,
          corexii_hall_statues_i, chequers_ecumenical_altar_simple,
          uniq_natasha, uniq_jessica
D:3:      layout_basic, first_ration, minmay_increasing_density, uniq_sigmund,
          uniq_terence
D:4:      layout_rooms
D:5:      layout_rooms, nicolae_ashenzari_panopticon, minmay_temple_entry_mist,
          serial_shops, shop
D:6:      layout_loops_ring, chequers_temple_overflow_statue_of_worship,
          kennysheep_nondescript
D:7:      layout_rooms, slow_altar_2, vehumet_crystals,
          makhleb_heckhound_becter, uniq_joseph
D:8:      layout_gridville, uniq_gastronok
D:9:      layout_roguey, nicolae_overflow_hidden_temple,
          grunt_lair_entry_orc_guard_hut, david_orc_4, hangedman_fish_farm,
          uniq_harold, uniq_grum
D:10:     layout_stronghold, kennysheep_generic_room_12, uniq_josephine
D:11:     layout_roguey, portal_ice_cave_entry_pillars_1, grunt_decor_arrowhead,
          minmay_tree_intersection, kennysheep_windowed_goal
D:12:     layout_cave_pods, bloody_trog
D:13:     layout_long_grid, grunt_vaults_entry_fortified
D:14:     minmay_curly_fans, layout_basic, minmay_misc_feat_room,
          nooodl_orcs_dogs
D:15:     grunt_enter_depths_magical_seal, layout_basic, serial_glass,
          glass_columns_c, glass_columns_a
Lair:1:   layout_chaotic_city, serial_bayou_pond_d,
          chequers_serial_rivers_micro_e, grunt_megastairs_4
Lair:2:   layout_hall_layers, dummy_spider_entry, gammafunk_ghost_ooze,
          worms_lemuel
Lair:3:   layout_roguey
Lair:4:   layout_gridlike, minmay_shoals_entry_centaurs, beast_lair_carwin_5,
          serial_bayou_shore_a, uniq_snorg
Lair:5:   layout_cave_pods, minmay_slime_entry_oklob_enclosed,
          nicolae_quartered_pool_little
Lair:6:   minmay_lair_end_enchanted_forest, layout_loops_ring,
          nicolae_volcano_entry_hallway, minmay_lair_oklob_chamber
Shoals:1: layout_shoals
Shoals:2: layout_shoals, serial_shops, shop, shop,
          nicolae_shop_temple_entry_statues_fountains, shop, shop,
          ebering_ghost_rock_garden, nicolae_shoals_square_sea_wall, uniq_kirke
Shoals:3: layout_shoals, nicolae_shoals_undead_eyrie
Shoals:4: shoals_end_simple, layout_shoals
Spider:1: layout_spider_delve, drop_trap, uniq_aizul, uniq_roxanne
Spider:2: layout_spider_delve
Spider:3: layout_chambers, spiders_nest_the_unseen, uniq_arachne, uniq_donald
Spider:4: spider_rune_water, uniq_mara
Orc:1:    layout_caves
Orc:2:    grunt_orc_cross, layout_diamond_mine
Elf:1:    eino_elf_arrival_shootout, layout_loops_corners,
          hangedman_elf_represent
Elf:2:    layout_rooms
Elf:3:    minmay_elf_hall_spiked, layout_geoelf_octagon, serial_shops, shop,
          basic_altar
Vaults:1: vaults_room_semicircle, vaults_room_stairs_pillars,
          nicolae_vaults_ninety_degrees, v_rooms_3, vaults_room_hallway,
          nicolae_vaults_what_the_h, v_rooms_6, kb_rosetta, v_misc_27,
          ontoclasm_vaults_twist, nicolae_vaults_alarming,
          nicolae_vaults_circle_grid_a, nicolae_vaults_little_squares_2,
          layout_vaults_omnicross, serial_shops, bzr_entry_dummy
Vaults:2: hangedman_vaults_locks, nicolae_vaults_yaktaur_gun_rack,
          vaults_room_corners, ontoclasm_vaults_idyll,
          ontoclasm_vaults_shuriken, ontoclasm_vaults_ligature,
          vaults_room_hangedman_quadrants, minmay_crypt_entry_necro_gods,
          layout_vaults_omnigrid
Vaults:3: nicolae_vaults_network_star, hangedman_vaults_hard_town_square,
          serial_ice_h, nicolae_vaults_mini_display_case, v_misc_16,
          nicolae_vaults_little_ls, v_misc_28, hangedman_vaults_trim,
          nicolae_vaults_ring_of_whatevers, hangedman_vaults_corner,
          hangedman_vaults_slice, nicolae_vaults_inception_scallops,
          layout_vaults_maze_bifur
Vaults:4: ebering_vaults_ghost_disaster_area, nicolae_vaults_fighting_squares,
          v_misc_5, v_misc_9, vaults_room_large_hall, ontoclasm_vaults_bender,
          hangedman_vaults_corner_blocks, ontoclasm_vaults_fault, v_misc_27,
          v_misc_2, nicolae_vaults_little_squares_4, vaults_room_door_ring,
          v_misc_18, vaults_room_pool, layout_vaults_ring, serial_shops,
          nicolae_shop_crystal, nicolae_shop_crystal, shop, shop_fountains
Vaults:5
Crypt:1:  layout_gridlike, gammafunk_ghost_spectres, uniq_khufu
Crypt:2:  layout_gridlike, st_stairs_8
Crypt:3:  lightli_unholy_cathedral, layout_chaotic_city,
          tomb_entry_forgotten_bobbens, roderic_lattice_octagonal_star
Tomb:1
Depths:1: layout_cave_shapes, serial_column_ruins, column_ruins_hut_ruined,
          column_ruins_hut_water, column_ruins_open_tiny, column_ruins_grid_1,
          column_ruins_open_tiny, column_ruins_open_small_water,
          column_ruins_open_tiny, kennysheep_decorative_pillar,
          grunt_hell_entry_demonic_statue, minmay_guarded_unrand_vampires_tooth,
          firewood_loft
Depths:2: minmay_split_circle, layout_cave_pools, enter_ziggurat_e,
          trove_entry_hex_spiral, hell_entry, minmay_strange_pillars,
          grunt_ministairs_15, minmay_guarded_unrand_wrath_of_trog
Depths:3: minmay_broken_ring, layout_basic, hell_entry, abyss_entry_crystal,
          chequers_serial_rivers_small_3, rand_demon_pan_entry_1,
          grunt_tough_drop, minmay_staircase_statues_hall_small, uniq_jory,
          uniq_boris
Depths:4: evilmike_lava_path, layout_basic, minmay_crystal_room,
          hangedman_coc_ice_floe, abyss_entry, guppyfry_shop_blood
Depths:5: evilmike_zot_entry_basic, layout_basic, pf_hell_entry_tar_spiral,
          minmay_room_of_horrors, minmay_misc_feat_ornament,
          minmay_serpent_palace, minmay_shop_grove
Zot:1:    layout_gridlike
Zot:2:    layout_misc_corridors, ebering_ghost_rock_garden
Zot:3:    layout_gridlike, grunt_ministairs_5, lemuel_lake_of_fire,
          grunt_megastairs_2
Zot:4:    layout_onion, st_small_dragon_hoard_5

Skill      XL: |  1  2  3  4  5  6  7  8  9 10 11 12 13 14 15 16 17 18 19 20 21 22 23 24 25 26 27 |
---------------+----------------------------------------------------------------------------------+-----
Axes           | 4 5 6 7 8 9 10 11 12 13 14 16 17 18 19 21 22 23 25 26 27 | 27.0
Fighting       | 5 6 8 10 11 13 14 15 16 17 18 19 20 21 22 23 24 25 27 | 27.0
Armour         | 4 6 8 10 11 12 14 15 16 17 18 19 20 21 22 23 24 25 27 | 27.0
Dodging        | 3 5 7 9 10 12 13 14 15 16 17 18 19 20 21 22 24 25 27 | 27.0
Shields        | 4 |  4.5
Stealth        | 7 |  7.7
Evocations     | 7 |  7.7

Action                   |  1- 3 |  4- 6 |  7- 9 | 10-12 | 13-15 | 16-18 | 19-21 | 22-24 | 25-27 || total
-------------------------+-------+-------+-------+-------+-------+-------+-------+-------+-------++-------
Melee: Hand axe          |   103 |   123 |   358 |   757 |  1608 |  1143 |       |       |       ||  4092
       Headbutt          |     7 |    17 |    72 |   170 |   410 |   390 |   303 |   382 |   449 ||  2200
       Broad axe         |       |       |       |       |       |    39 |       |       |       ||    39
       Executioner's axe |       |       |       |       |       |   360 |  1033 |  1155 |  1306 ||  3854
Invok: Berserk           |       |       |     2 |     4 |     8 |     9 |     3 |     5 |     1 ||    32
       Brothers in Arms  |       |       |       |     2 |    11 |    11 |     5 |     4 |     6 ||    39
       Trog's Hand       |       |       |       |       |       |       |       |       |     4 ||     4
 Abil: Evoke Blink       |       |       |       |       |       |       |     1 |       |       ||     1
Evoke: Wand              |       |       |       |     5 |     4 |    15 |       |       |    15 ||    39
  Use: Scroll            |     3 |       |    11 |    13 |    19 |    16 |     8 |     9 |     8 ||    87
       Potion            |       |       |       |     2 |       |     9 |     5 |     5 |    18 ||    39
 Stab: Distracted        |       |       |       |       |     1 |     1 |     1 |     2 |       ||     5
  Eat: Chunk             |     1 |     4 |     9 |    12 |    27 |    29 |    22 |    14 |    18 ||   136
       Ration            |       |       |     1 |     5 |     7 |    11 |     6 |    10 |     7 ||    47
Armor: Animal skin       |    14 |       |       |       |       |       |       |       |       ||    14
       Chain mail        |    24 |    42 |    53 |       |       |       |       |       |       ||   119
       Plate armour      |       |       |    37 |   262 |   467 |   877 |   390 |   410 |   342 ||  2785
Dodge: Dodged            |    53 |    43 |    78 |   298 |   656 |  1048 |   781 |   942 |  1181 ||  5080
Block: Other             |       |     9 |       |    15 |       |    34 |    55 |    56 |    91 ||   260
       Buckler           |       |     1 |    92 |   152 |   461 |   414 |       |       |       ||  1120
       Reflection        |       |       |     5 |     8 |    34 |    19 |     8 |     3 |     2 ||    79
